Map: Rainfall LE

Players

Fjant

  • Race: Zerg Zerg
  • League: Grandmaster
  • Spawn Location: 11:00

Mixu - Winner!

  • Race: Zerg Zerg
  • League: Grandmaster
  • Spawn Location: 5:00

VOD

Have the link to the VOD?

Description

Time

  • Played on: July 4, 2026, 3:12 p.m.
  • Length: 7:39
Show
View Real Time Build Order
Export as new Build Order

Fjant Zerg 

Build Orders: Hatch First 

Get SALT Encoding   

  8  0:00  Drone  
  9  0:11  Drone  
  10  0:16  Drone  
  11  0:22  Drone  
  12  0:33  Overlord  
  12  0:43  Extractor, Drone  
  13  0:51  Drone x2  
  15  1:01  Drone  
  16  1:15  Hatchery  
  15  1:20  Drone  
  15  1:23  Drone  
  17  1:35  Spawning Pool  
  17  1:40  Drone  
  17  1:42  Extractor  
  17  1:46  Drone  
  17  1:51  Drone  
  18  2:03  Drone  
  19  2:10  Overlord  
  19  2:25  Queen, Extractor  
  19  2:28  Queen  
  19  2:29  Zergling x2  
  24  2:37  Drone  
  24  2:38  Drone x2  
  27  2:44  Zergling x2  
  27  2:45  Metabolic Boost  
  27  2:48  Drone  
  27  2:50  Drone  
  29  2:59  Drone  
  29  3:04  Drone  
  31  3:11  Drone  
  32  3:16  Hatchery  
  31  3:20  Overlord  
  31  3:22  Drone  
  32  3:36  Overlord, Baneling Nest  
  32  3:38  Drone x2  
  32  3:39  Drone  
  32  3:41  Zergling x2  
  35  3:47  Zergling x6  
  38  3:56  Drone x3  
  38  3:57  Drone  
  42  4:07  Zergling x8  
  46  4:15  Roach Warren  
  45  4:19  Baneling x2  
  45  4:24  Zergling x4  
  47  4:35  Queen  
  47  4:37  Drone x2  
  47  4:38  Drone, Extractor  
  51  4:40  Drone  
  51  4:47  Overlord x4  
  47  5:15  Roach  
  47  5:16  Roach x9  
  47  5:20  Roach  
  58  5:22  Zergling x2  
  58  5:26  Zergling x4  
  61  5:30  Zergling x2  
  63  5:35  Zergling x4  
  63  5:40  Zergling x6  
  66  5:45  Zergling x2  
  66  5:46  Baneling x3  
  66  5:48  Baneling  
  67  5:52  Zergling x2  
  67  5:53  Zergling x2  
  67  5:54  Zergling x2  
  70  6:00  Roach  
  70  6:01  Zergling x2  
  67  6:08  Zergling x6  
  65  6:11  Zergling x2  
  65  6:17  Zergling x6  
  62  6:20  Zergling x2  
  62  6:21  Zergling x2  
  52  6:27  Roach  
  52  6:32  Roach x2  
  54  6:34  Drone  
  54  6:38  Roach  
  57  6:46  Roach x2  
  59  6:50  Roach  
  59  6:53  Zergling x4  
  61  6:58  Zergling x6  
  62  7:02  Zergling x4  
  60  7:09  Zergling x6  
  58  7:16  Zergling x6  
  58  7:19  Zergling x2  
Show
View Real Time Build Order
Export as new Build Order

Mixu Zerg - Winner!

Build Orders: Pool First 

Get SALT Encoding   

  8  0:00  Drone  
  9  0:10  Drone  
  10  0:16  Drone  
  11  0:21  Drone  
  12  0:32  Overlord  
  12  0:38  Extractor  
  12  0:39  Drone  
  13  0:50  Drone x2  
  15  1:00  Drone  
  16  1:06  Spawning Pool  
  16  1:10  Drone  
  16  1:21  Drone  
  17  1:34  Hatchery  
  17  1:37  Drone  
  17  1:40  Extractor  
  17  1:42  Drone  
  17  1:54  Queen  
  17  1:57  Zergling x2  
  20  2:04  Overlord  
  20  2:11  Extractor, Drone  
  21  2:23  Drone  
  21  2:29  Queen  
  23  2:30  Drone  
  25  2:39  Drone  
  25  2:40  Metabolic Boost  
  26  2:47  Drone  
  26  2:49  Drone  
  28  2:57  Drone  
  28  2:59  Drone  
  28  3:01  Drone x2  
  28  3:02  Drone  
  32  3:09  Overlord  
  32  3:23  Hatchery  
  32  3:26  Zergling x2  
  32  3:29  Drone x2  
  32  3:32  Zergling x2  
  35  3:35  Drone  
  35  3:36  Zergling x2  
  35  3:39  Drone  
  38  3:42  Overlord  
  38  3:44  Drone  
  39  3:49  Baneling Nest  
  39  3:51  Zergling x2  
  39  3:54  Drone  
  40  4:02  Zergling x10  
  45  4:12  Overlord, Drone  
  46  4:18  Drone x2  
  48  4:29  Overlord  
  48  4:32  Baneling x2  
  48  4:34  Drone  
  48  4:37  Zergling x8  
  52  4:42  Evolution Chamber, Baneling x4  
  52  4:43  Roach Warren, Zergling x4  
  52  4:48  Queen  
  52  4:49  Overlord  
  52  4:50  Extractor  
  53  4:54  Drone x2  
  55  5:10  Drone x3  
  55  5:11  Drone x5  
  60  5:20  Overlord  
  56  5:22  Baneling  
  56  5:23  Roach x4  
  56  5:26  Baneling  
  64  5:29  Zergling x4  
  64  5:34  Extractor  
  65  5:36  Zergling x2  
  65  5:40  Roach x2  
  70  5:45  Roach, Zergling x6  
  75  5:52  Overlord x2  
  75  5:54  Overlord  
  75  6:01  Overlord  
  73  6:05  Roach  
  72  6:12  Roach x7  
  72  6:13  Zergling x4  
  85  6:20  Zergling x8  
  85  6:25  Zergling x6  
  85  6:30  Zergling x6  
  88  6:37  Roach  
  90  6:40  Baneling x2  
  90  6:41  Roach x2  
  90  6:46  Zergling x6  
  97  6:51  Overlord  
  97  6:52  Drone  
  97  6:53  Drone  
  98  6:56  Zergling x4  
  98  7:00  Drone x3  
  102  7:09  Roach x2  
  102  7:15  Roach  
  104  7:18  Roach x2  
Tags
 
Add a new tag
Caveats
  • Supply blocks, unpowered buildings, or Contaminate may cause inaccurate times.
  • Supply counts are checked every 10 seconds.